 Dungeon Crawl Stone Soup version 0.19-a0-1827-g174f941 (console) character file.

3155 brucemayne the Severer (level 9, 0/74 HPs)
             Began as a Hill Orc Monk on Oct 7, 2016.
             Was a Priest of the Shining One.
             Killed from afar by a steam dragon (20 damage)
             ... with a ball of steam
             ... on level 11 of the Dungeon.
             The game lasted 00:14:20 (3112 turns).

brucemayne the Severer (Hill Orc Monk)              Turns: 3112, Time: 00:14:20

Health: 0/74       AC: 12    Str: 17    XL:     9   Next: 93%
Magic:  13/13      EV:  6    Int: 10    God:    the Shining One [***...]
Gold:   292        SH:  0    Dex: 13    Spells: 0 memorised, 8 levels left

rFire  . . .     SeeInvis .     m - +0 war axe
rCold  . . .     Gourm    .     D - +0 plate armour
rNeg   + . .     Faith    .     (no shield)
rPois  .         Spirit   .     (no helmet)
rElec  .         Dismiss  .     k - +0 cloak
rCorr  .         Reflect  .     (no gloves)
MR     +....     Harm     .     (no boots)
Stlth  ..........               (no amulet)
                                (no ring)
                                f - ring of stealth

@: glowing
A: magic resistance 1
a: Divine Shield, Renounce Religion


You were on level 11 of the Dungeon.
You worshipped the Shining One.
The Shining One was most pleased with you.
You were not hungry.

You visited 1 branch of the dungeon, and saw 12 of its levels.

You collected 292 gold pieces.

Inventory:

Hand Weapons
 a - a +0 hand axe
 m - a +0 war axe (weapon)
 r - a +0 war axe
 J - a +1 whip of distortion
Missiles
 g - 5 javelins (quivered)
Armour
 b - a +0 robe
 j - a +0 scale mail
 k - a +0 cloak (worn)
 D - a +0 plate armour (worn)
Jewellery
 f - a ring of stealth (left hand)
 F - an uncursed amulet of the gourmand
 L - an uncursed amulet of dismissal
Wands
 w - a wand of acid (0/15)
 C - a wand of confusion (28/48)
 E - a wand of confusion (30/48)
 G - a wand of slowing (31/48)
 H - a wand of enslavement (14/24)
Scrolls
 d - a scroll of amnesia {unknown}
 e - 3 scrolls of identify
 h - 3 scrolls of remove curse
 i - a scroll of recharging {unknown}
 p - a scroll of noise {unknown}
 q - a scroll of vulnerability {unknown}
 t - 2 scrolls of immolation {unknown}
 u - 3 scrolls of fear {unknown}
 v - a scroll of enchant armour {unknown}
 x - a scroll of magic mapping {unknown}
 y - 2 scrolls of teleportation
 B - a scroll of fog {unknown}
 K - a scroll of random uselessness {unknown}
Potions
 l - 2 potions of magic
 n - 2 potions of invisibility
 o - 2 potions of curing
 z - a potion of lignification {unknown}
Books
 s - a book of Necromancy

   Spells                             Type                      Level
   a - Pain                           Necromancy                   1
   b - Animate Skeleton               Necromancy                   1
   c - Vampiric Draining              Necromancy                   3
   d - Regeneration                   Charms/Necromancy            3
   e - Animate Dead                   Necromancy                   4
   f - Control Undead                 Necromancy                   4
   The Shining One disapproves of the use of such an item.
Comestibles
 c - 5 bread rations
 A - 2 meat rations
 I - 2 chunks of flesh


   Skills:
 - Level 5.0 Fighting
 + Level 15.3 Axes
 - Level 2.7 Armour
 - Level 2.4 Dodging
 - Level 1.5 Stealth
 + Level 5.4 Invocations


You had 8 spell levels left.
You didn't know any spells.

Dungeon Overview and Level Annotations

Branches:
Dungeon (12/15)            Temple (0/1) D:4            Lair (0/6) D:8
    Orc: D:9-12

Altars:
Nemelex Xobeh
Qazlal
The Shining One

Shops:
D:10 *

Annotations:
D:3 exclusion: downstairs
D:5 exclusion: upstairs
D:9 exclusion: upstairs
D:10 exclusions: obsidian statue and upstairs
D:11 exclusions: downstairs and upstairs


Innate Abilities, Weirdness & Mutations

You are resistant to hostile enchantments. (MR+)


Message History

The kobold throws a stone.
The stone hits you but does no damage.
You see here a stone.
The kobold hits you but does no damage.
Things that are here:
a dagger; a glowing robe; the human corpse of Josephine The steam dragon breathes steam at you.
The ball of steam hits you!
* * * LOW HITPOINT WARNING * * *
As you read the scroll of teleportation, it crumbles to dust.
You feel strangely unstable.
You are engulfed in a cloud of scalding steam.
Unknown command.
Unknown command.
Unknown command.
Unknown command.
Your surroundings suddenly seem different.
Unknown command.
The steam dragon breathes steam at you. The ball of steam hits you!
You die...

#........#
#..W..)K...#
##+#######
###..oK.####
#...#
#####§..#####
###.##
#..........# #..#
#.D........# ##+#
#.§........# .§.
###§§..........#
..Dl.
##.§.#..........#
.......
#@§###..........#
+........'..##
#..........#
#........####
#..........#
#........#
#..........# ###


There were no monsters in sight!

Vanquished Creatures
  Josephine (D:11)
  A shadow (D:11)
  A wraith (D:11)
  2 ice beasts
  3 orc warriors
  2 sky beasts
  A phantom (D:9)
  A necrophage (D:11)
  A centaur (D:6)
  A big kobold (D:9)
  A bullfrog (D:10)
  A gnoll sergeant (D:8)
  A scorpion (D:11)
  5 wights (D:6)
  A howler monkey (D:9)
  2 crimson imps
  A centaur zombie (D:9)
  A jelly (D:7)
  A gnoll shaman (D:10)
  2 bullfrog skeletons
  3 hounds
  3 orc wizards
  An iguana (D:8)
  4 worker ants
  13 gnolls
  A howler monkey skeleton (D:8)
  3 adders
  2 shadow imps
  An ooze (D:3)
  A dart slug (D:3)
  2 leopard geckos
  6 orcs
  A giant cockroach (D:5)
  2 goblins
  2 hobgoblins (D:2)
  6 kobolds
  3 quokkas
  2 bats
  2 frilled lizards
  A jackal skeleton (D:4)
  A quokka zombie (D:8)
  2 rats
92 creatures vanquished.

Notes
Turn   | Place    | Note
-------+----------+-------------------------------------------
     0 | D:1      | brucemayne the Hill Orc Monk began the quest for the Orb.
     0 | D:1      | Reached XP level 1. HP: 19/19 MP: 1/1
   153 | D:4      | Noticed an ogre
   206 | D:2      | Found a stormy altar of Qazlal.
   206 | D:2      | Found a glowing golden altar of the Shining One.
   206 | D:2      | Found a sparkling altar of Nemelex Xobeh.
   209 | D:2      | Reached XP level 2. HP: 26/26 MP: 2/2
   219 | D:2      | Became a worshipper of the Shining One
   219 | D:2      | Reached * piety under the Shining One
   219 | D:2      | Reached ** piety under the Shining One
   269 | D:3      | Reached skill level 5 in Axes
   385 | D:4      | Found a staircase to the Ecumenical Temple.
   466 | D:4      | Reached XP level 3. HP: 25/31 MP: 3/3
   477 | D:4      | Reached skill level 6 in Axes
   479 | D:4      | Reached XP level 4. HP: 17/39 MP: 4/4
   683 | D:5      | Entered Level 5 of the Dungeon
   836 | D:6      | Noticed a centaur
   842 | D:6      | Killed a centaur
   842 | D:6      | Reached skill level 7 in Axes
   842 | D:6      | Reached XP level 5. HP: 30/45 MP: 5/5
   850 | D:6      | Reached skill level 8 in Axes
   885 | D:6      | Reached XP level 6. HP: 39/51 MP: 6/6
   911 | D:6      | Reached skill level 9 in Axes
  1112 | D:7      | Reached skill level 10 in Axes
  1112 | D:7      | Reached XP level 7. HP: 48/58 MP: 7/7
  1316 | D:8      | Reached skill level 1 in Armour
  1498 | D:8      | Reached skill level 5 in Fighting
  1596 | D:9      | Reached skill level 11 in Axes
  1596 | D:9      | Reached XP level 8. HP: 27/68 MP: 5/8
  1654 | D:8      | Found a staircase to the Lair.
  1794 | D:8      | Noticed a komodo dragon
  1810 | D:10     | Entered Level 10 of the Dungeon
  1810 | D:10     | Reached *** piety under the Shining One
  1885 | D:9      | Noticed a hornet
  1887 | D:9      | Paralysed by a hornet for 1 turns
  1890 | D:9      | Paralysed by a hornet for 3 turns
  2233 | D:9      | Reached skill level 12 in Axes
  2480 | D:11     | Gained mutation: You are resistant to hostile enchantments. (MR+) [mutagenic meat]
  2494 | D:10     | Found Pocyb's General Store.
  2503 | D:11     | Noticed Josephine
  2503 | D:11     | Noticed a wraith
  2503 | D:11     | Noticed a wraith
  2503 | D:11     | Noticed a wraith
  2504 | D:11     | Noticed a wraith
  2528 | D:10     | Reached skill level 13 in Axes
  2602 | D:10     | Reached XP level 9. HP: 45/74 MP: 9/9
  2644 | D:10     | Reached skill level 14 in Axes
  2679 | D:10     | Noticed an obsidian statue
  2680 | D:10     | Noticed an orange demon
  2980 | D:11     | Reached skill level 1 in Invocations
  3028 | D:11     | Killed Josephine
  3028 | D:11     | Reached skill level 15 in Axes
  3028 | D:11     | Reached skill level 5 in Invocations
  3112 | D:11     | Killed from afar by a steam dragon

Vault maps used:
D:1:      dpeg_arrival_windows_large_door
D:2:      grunt_temple_overflow_open
D:3:      corner_web_ring, hex_large
D:4:      serial_shops, nicolae_shop_crystal, hangedman_decor_slide_cut,
          hangedman_glass_teeth, kennysheep_generic_room_3
D:5:      first_bread, uniq_eustachio, uniq_sigmund
D:6:      minmay_crossroads
D:7:      grunt_temple_overflow_octagram
D:8:      grunt_temple_overflow_champion_of_chaos, david_lair_shrubbed,
          serial_shops, shop, uniq_joseph
D:9:      eino_tiny_chamber, hangedman_pestilent_swarm
D:10:     serial_gnoll_camp, gnoll_camp_huts_basic, gnoll_camp_mini_sergeant,
          gnoll_camp_mini_loothouse, gnoll_camp_mini_basic, gnoll_camp_mini_hut,
          gnoll_camp_mini_house, serial_shops, shop, minivault_16
D:11:     uniq_josephine
D:12:     david_orc_2, portal_ice_cave_entry_imps

Skill      XL: |  1  2  3  4  5  6  7  8  9 |
---------------+----------------------------+-----
Axes           | 5 6 7 8 10 11 13 15 | 15.3
Fighting       | 5 |  5.0
Armour         | 2 |  2.7
Invocations    | 5 |  5.4
Dodging        | |  2.4
Stealth        | |  1.5

Action                   |  1- 3 |  4- 6 |  7- 9 || total
-------------------------+-------+-------+-------++-------
Melee: Hand axe          |    31 |       |       ||    31
       War axe           |    20 |    56 |   263 ||   339
Throw: Javelin           |       |       |     2 ||     2
Invok: Divine Shield     |       |       |     7 ||     7
Evoke: Wand              |       |       |     5 ||     5
  Use: Scroll            |       |       |     7 ||     7
       Potion            |       |       |     1 ||     1
 Stab: Sleeping          |     1 |       |       ||     1
  Eat: Chunk             |       |       |     6 ||     6
       Beef jerky        |       |       |     2 ||     2
Armor: Robe              |     5 |       |       ||     5
       Scale mail        |     6 |    22 |    27 ||    55
       Plate armour      |       |       |   103 ||   103
Dodge: Dodged            |    31 |    31 |    59 ||   121
Block: Other             |       |       |    16 ||    16
